[Event "Team 45 45 League T37"]
[Site "Internet Chess Club"]
[Date "2008.04.28"]
[Round "1"]
[White "moreffee"]
[Black "bjc"]
[Result "1-0"]
[WhiteElo "1285"]
[BlackElo "1344"]
[Opening "King's Indian: Larsen variation"]
[ECO "E90"]
[Time "18:00:43"]
[TimeControl "2700+45"]

1. Nf3 Nf6 2. c4 d6 3. Nc3 g6 4. d4 Bg7 5. e4 O-O 6. Be3 Nbd7 7. Be2 e5 8. d5 c6
9. O-O Nc5 10. h3 Ncxe4 11. Nxe4 Nxe4 12. Qc1 c5 13. Bd3 f5 14. Bxe4 fxe4 15.
Ng5 Rf5 16. Nxe4 b6 17. b3 Bb7 18. Rb1 h6 19. Bxh6 Bxh6 20. Qxh6 Bc8 21. Qxg6+
Kf8 22. Qh6+ Ke7 23. Qh4+ Kd7 24. Qxd8+ Kxd8 25. Nxd6 Rg5 26. Nf7+ Kc7 27. Nxg5
Bf5 28. Rb2 Rg8 29. h4 Bd3 30. Re1 e4 31. Nxe4 Rg4 32. f3 Rxh4 33. Rd2 Bxe4 34.
fxe4 a5 35. a4 Kd7 36. Rf2 Ke7 37. e5 Rh5 38. e6 Rh6 39. Rf7+ Ke8 40. Rb7 Rh5
41. d6 Rh6 42. Rb8# {Black checkmated} 1-0

[Event "Team 45 45 League T37"]
[Site "Internet Chess Club"]
[Date "2008.04.25"]
[Round "1"]
[White "Duck-Man"]
[Black "jjaillet2007"]
[Result "0-1"]
[WhiteElo "1211"]
[BlackElo "1217"]
[Opening "French: Marshall variation"]
[ECO "C10"]
[Time "22:06:05"]
[TimeControl "2700+45"]

1. e4 e6 2. d4 d5 3. Nc3 c5 4. Nf3 Nc6 5. Be3 cxd4 6. Nxd4 Nf6 7. Bd3 Bb4 8. O-O
O-O 9. exd5 exd5 10. Re1 Re8 11. Bb5 Qd6 12. Qd3 Ng4 13. g3 Nge5 14. Nf5 Qd7 15.
Nh6+ gxh6 16. Nxd5 Be7 17. Qe4 Qf5 18. Bxh6 Nf3+ 19. Kf1 Nd2+ 20. Bxd2 Qh3+ 21.
Kg1 Bf5 22. Nf6+ Kf8 23. Bf1 Bxe4 24. Bxh3 Bxf6 25. c3 b5 26. Bg2 Bxg2 27. Kxg2
Rad8 28. Rxe8+ Rxe8 29. Bh6+ Bg7 30. Bxg7+ Kxg7 31. Rd1 f5 32. Rd7+ Re7 33. Rd5
Re5 34. Rd7+ Re7 35. Rd3 Ne5 36. Rd5 a6 37. f4 Nc4 38. Rxf5 Ne3+ 39. Kf3 Nxf5
40. Kg4 Kg6 41. h4 h5+ 42. Kh3 Re2 43. g4 hxg4+ 44. Kxg4 Rg2+ 45. Kf3 Rxb2 46.
Kg4 Rg2+ 47. Kf3 Nxh4+ 48. Ke4 Rxa2 {White resigns} 0-1

[Event "Team 45 45 League T37"]
[Site "Internet Chess Club"]
[Date "2008.04.27"]
[Round "1"]
[White "DrOMM"]
[Black "Skyler"]
[Result "1-0"]
[WhiteElo "1212"]
[BlackElo "1227"]
[Opening "Caro-Kann defense"]
[ECO "B10"]
[Time "15:53:13"]
[TimeControl "2700+45"]

1. e4 c6 2. Nf3 d5 3. exd5 cxd5 4. d4 Bf5 5. Bd3 Bg6 6. Bxg6 hxg6 7. O-O e6 8.
Re1 Bd6 9. h3 Nd7 10. Bg5 Qb6 11. b3 Ngf6 12. Nbd2 O-O 13. c3 Rfc8 14. c4 dxc4
15. bxc4 Qb4 16. c5 Be7 17. Rb1 Qa5 18. Nc4 Qa6 19. Nce5 Nxe5 20. dxe5 Nd5 21.
Bxe7 Nxe7 22. Qd6 Nc6 23. Ng5 Rd8 24. Qc7 Rab8 25. Qxf7+ Kh8 26. Qxe6 Re8 27.
Qd5 Red8 28. Nf7+ Kh7 29. Nxd8 Rxd8 30. Qe4 Kg8 31. e6 Re8 32. Qxg6 Kh8 33.
Qxe8+ Kh7 34. Qh5+ Kg8 35. e7 Nxe7 36. Rxe7 Qc6 37. Qf7+ Kh8 38. Qxg7# {Black
checkmated} 1-0

[Event "Team 45 45 League T37"]
[Site "Internet Chess Club"]
[Date "2008.04.29"]
[Round "1"]
[White "bowwrestler"]
[Black "joaoazm"]
[Result "0-1"]
[WhiteElo "966"]
[BlackElo "1183"]
[Opening "Scotch opening"]
[ECO "C44"]
[Time "12:03:30"]
[TimeControl "2700+45"]

1. e4 e5 2. Nf3 Nc6 3. d4 d6 4. d5 Nd4 5. Nxd4 exd4 6. Bc4 Nf6 7. Bg5 Be7 8.
Bxf6 Bxf6 9. c3 dxc3 10. bxc3 O-O 11. O-O Be5 12. f4 Bf6 13. f5 Be5 14. Rf3 g6
15. fxg6 fxg6 16. Rxf8+ Qxf8 17. Nd2 Bxc3 18. Rc1 Bxd2 19. Qxd2 Bd7 20. Rf1 Qg7
21. Qg5 Qd4+ 22. Kh1 Qxc4 23. Qd2 Qxf1# {White checkmated} 0-1

[Event "Team 45 45 League T37"]
[Site "Internet Chess Club"]
[Date "2008.04.24"]
[Round "1"]
[White "uipawn"]
[Black "reverendjim"]
[Result "1-0"]
[WhiteElo "1233"]
[BlackElo "1162"]
[Opening "Caro-Kann defense"]
[ECO "B11"]
[Time "21:32:16"]
[TimeControl "2700+45"]

1. e4 c6 2. Nc3 d5 3. exd5 cxd5 4. d4 Nf6 5. Be2 e6 6. Nf3 Bd6 7. Bd2 O-O 8. O-O
a6 9. a3 b5 10. Bd3 Nc6 11. Bg5 h6 12. Bh4 Be7 13. Ne5 Nxd4 14. Bh7+ Nxh7 15.
Bxe7 Qxe7 16. Qxd4 Nf6 17. Qb6 Nd7 18. Nxd7 Bxd7 19. Ne2 Rfc8 20. c3 Qc5 21.
Qxc5 Rxc5 22. Rfe1 Rcc8 23. Nd4 Re8 24. f4 f6 25. Nf3 Rac8 26. Re3 g5 27. fxg5
hxg5 28. h3 e5 29. g4 Bc6 30. Rae1 d4 31. cxd4 exd4 32. Rxe8+ Rxe8 33. Rxe8+
Bxe8 34. Nxd4 Bd7 35. Kf2 Kf7 36. Ke3 Ke7 37. Ke4 Kd6 38. Nf5+ Kc5 39. Ne3 Be6
40. b4+ Kd6 41. Nf5+ Kc6 42. Nd4+ Kd6 43. Nf5+ Kc6 44. Ne7+ Kd6 45. Nf5+ Kc6 46.
Ng7 Kd6 47. Ne8+ Ke7 48. Nc7 Bc8 49. Nd5+ Kd6 50. Nxf6 {Black resigns} 1-0

[Event "Team 45 45 League T37"]
[Site "Internet Chess Club"]
[Date "2008.04.28"]
[Round "1"]
[White "chips"]
[Black "gsloan"]
[Result "0-1"]
[WhiteElo "1106"]
[BlackElo "1204"]
[Opening "Vienna game"]
[ECO "C26"]
[Time "20:34:45"]
[TimeControl "2700+45"]

1. Nc3 e5 2. e4 Nf6 3. Bc4 Bc5 4. a3 a6 5. Nh3 h6 6. b4 Bd4 7. Bb2 Nxe4 8. Qh5
g6 9. Bxf7+ Kxf7 10. Qf3+ Nf6 11. O-O Kg7 12. Rab1 d6 13. Ne4 Nxe4 14. Qxe4 Bxb2
15. Rxb2 Nc6 16. Kh1 Bxh3 17. gxh3 Qf6 18. Qg2 Raf8 19. c4 b6 20. d3 Nd4 21. a4
Qg5 22. Qb7 Qf5 23. Qxc7+ Rf7 24. Qxb6 Qf3+ 25. Kg1 Ne2+ 26. Rxe2 Qxe2 27. Qxd6
Rhf8 28. f4 Rxf4 29. Qxe5+ {White resigns} 0-1

[Event "Team 45 45 League T37"]
[Site "Internet Chess Club"]
[Date "2008.04.26"]
[Round "1"]
[White "anatolybcn"]
[Black "king4aknight"]
[Result "1-0"]
[WhiteElo "1196"]
[BlackElo "1084"]
[Opening "Ruy Lopez: Caro variation"]
[ECO "C70"]
[Time "09:57:52"]
[TimeControl "2700+45"]

1. e4 e5 2. Nf3 Nc6 3. Bb5 a6 4. Ba4 b5 5. Bb3 Bb7 6. c3 Bc5 7. O-O Nf6 8. h3
Nh5 9. d4 Bd6 10. d5 Na5 11. Bc2 Bc5 12. b4 Bb6 13. bxa5 Bc5 14. Nxe5 Qf6 15.
Ng4 Qd6 16. Re1 O-O-O 17. Be3 Bxe3 18. Rxe3 Qc5 19. Qd2 Qc4 20. Ne5 Qc5 21. Nxf7
Qe7 22. Nxd8 Rxd8 23. Bb3 Qg5 24. c4 Nf4 25. Rg3 Qe5 26. Nc3 b4 27. Rc1 bxc3 28.
Qxc3 Ne2+ 29. Kf1 Nxc3 30. Rcxc3 Qxc3 31. Rxc3 Re8 32. Rg3 g6 33. Ba4 Rxe4 34.
Rf3 Ba8 35. Bb3 Rd4 36. g4 Rd2 37. Kg2 c6 38. Rf8+ Kb7 39. dxc6+ dxc6 40. Kg3 c5
41. Rf7+ Kb8 42. Rxh7 Rd3+ 43. Kh4 Be4 44. Rg7 Rd2 45. f4 Rd8 46. Re7 Rh8+ 47.
Kg3 Bc6 48. Re6 Be8 49. Rxa6 Rf8 50. Bc2 Kb7 51. Rb6+ Ka7 52. Bxg6 Bxg6 53. Rxg6
Ra8 54. Rg5 Rc8 55. Rg6 Rd8 56. Rc6 Rd3+ 57. Kh4 Ra3 58. Rxc5 Rxa2 59. f5 Ka6
60. f6 Re2 61. f7 Rf2 62. Rf5 {Black resigns} 1-0

[Event "Team 45 45 League T37"]
[Site "Internet Chess Club"]
[Date "2008.04.27"]
[Round "1"]
[White "kjs110"]
[Black "tcianciola"]
[Result "1-0"]
[WhiteElo "1058"]
[BlackElo "1039"]
[Opening "Sicilian defense"]
[ECO "B30"]
[Time "12:01:59"]
[TimeControl "2700+45"]

1. e4 c5 2. Nf3 Nc6 3. g3 d6 4. Bg2 Nf6 5. d3 g6 6. O-O Bg7 7. Nc3 O-O 8. Re1
Be6 9. Nh4 Qd7 10. h3 Bxh3 11. e5 Nxe5 12. f4 Bxg2 13. Kxg2 Neg4 14. Rf1 Nh5 15.
f5 Qc6+ 16. Kh3 Ne5 17. fxg6 Qd7+ 18. Kh2 fxg6 19. Bg5 Rxf1 20. Qxf1 Rf8 21. Qe2
h6 22. Nxg6 Nxg3 23. Kxg3 Rf3+ 24. Kg2 Qh3+ 25. Kg1 Qg3+ 26. Qg2 Nxg6 27. Bh4
Nxh4 28. Qxg3 Rxg3+ 29. Kh2 Rg2+ 30. Kh3 Bf6 31. Nd5 Rxc2 32. Nxf6+ exf6 33.
Kxh4 Rxb2 34. Rf1 Kg7 35. a4 Rb4+ 36. Kh5 Rxa4 37. Re1 Rd4 38. Re7+ Kf8 39. Rxb7
Rxd3 40. Kg6 c4 41. Kxf6 c3 42. Rb8# {Black checkmated} 1-0

[Event "Team 45 45 League T37"]
[Site "Internet Chess Club"]
[Date "2008.04.24"]
[Round "1"]
[White "avila"]
[Black "Kingofknights"]
[Result "0-1"]
[WhiteElo "1569"]
[BlackElo "1799"]
[Opening "Caro-Kann: advance variation"]
[ECO "B12"]
[Time "19:01:11"]
[TimeControl "2700+45"]

1. e4 c6 2. d4 d5 3. e5 Bf5 4. Nf3 e6 5. c3 Nd7 6. Be2 Be7 7. Be3 Qb6 8. Qb3 Qc7
9. Nbd2 c5 10. O-O a6 11. Rac1 c4 12. Qd1 Qb6 13. b4 cxb3 14. Qxb3 Qxb3 15. axb3
Ba3 16. Rce1 Ne7 17. c4 O-O 18. c5 h6 19. Ra1 Bb4 20. Rfc1 Nc6 21. Bd1 f6 22.
exf6 Nxf6 23. Bc2 Bxc2 24. Rxc2 Ng4 25. Nf1 Nxe3 26. Nxe3 Rf4 27. Rd1 Na5 28.
Rd3 Rc8 29. Ne5 Nc6 30. Nxc6 Rxc6 31. g3 Rf8 32. Ng4 b6 33. Ne5 Rc7 34. c6 b5
35. f4 a5 36. Rd1 a4 37. bxa4 bxa4 38. Rb1 Bd6 39. Rb7 Ra8 40. Nd7 a3 41. Rxc7
Bxc7 42. Ra2 Kf7 43. Kf2 Ke7 44. Ne5 Bxe5 45. fxe5 Kd8 46. Ke3 Kc7 47. Kd3 Kxc6
48. Kc3 Kb5 49. Kb3 Ra4 50. Kc3 Rc4+ 51. Kb3 Rxd4 52. Rf2 Rd3+ 53. Ka2 Kb4 54.
Rf4+ d4 55. Rf7 Rd2+ 56. Ka1 Kb3 57. Rb7+ Kc3 58. Rxg7 Rxh2 59. Re7 d3 60. Rxe6
d2 61. Rd6 Rh1+ 62. Ka2 d1=Q 63. Rxd1 Rxd1 64. Kxa3 Re1 65. Ka4 Rxe5 66. g4
{White resigns} 0-1

[Event "Team 45 45 League T37"]
[Site "Internet Chess Club"]
[Date "2008.04.25"]
[Round "1"]
[White "tryanything"]
[Black "sakschess"]
[Result "0-1"]
[WhiteElo "1639"]
[BlackElo "1556"]
[Opening "King's pawn game"]
[ECO "C50"]
[Time "18:53:40"]
[TimeControl "2700+45"]

1. e4 e5 2. Nf3 Nc6 3. Bc4 Nd4 4. Nxe5 Qg5 5. Ng4 d5 6. d3 Qxg4 7. Qxg4 Bxg4 8.
Bb3 Nxb3 9. axb3 dxe4 10. dxe4 O-O-O 11. f3 Bd7 12. Rxa7 Kb8 13. Be3 b6 14. Ra2
Be7 15. Nc3 Bb4 16. O-O Bxc3 17. bxc3 Bc6 18. Rfa1 Bb7 19. c4 Ne7 20. b4 Nc6 21.
c3 Rd3 22. Bd4 Nxd4 23. cxd4 Rxd4 24. Rc2 Rhd8 25. Kf2 Rd2+ 26. Rxd2 Rxd2+ 27.
Kg3 Rc2 28. c5 bxc5 29. bxc5 Rxc5 30. Rd1 Kc8 31. Rd2 Rc6 32. h4 Rd6 33. Rxd6
cxd6 34. Kf4 Kd7 35. g4 Ke6 36. h5 h6 37. Ke3 d5 38. exd5+ Bxd5 39. Kf4 Kf6 40.
Kg3 Kg5 41. f4+ Kf6 42. Kf2 Be6 43. Kf3 g6 44. hxg6 fxg6 45. Kg3 g5 46. fxg5+
Kxg5 {White resigns} 0-1

[Event "Team 45 45 League T37"]
[Site "Internet Chess Club"]
[Date "2008.04.27"]
[Round "1"]
[White "natethegreat"]
[Black "klutzer"]
[Result "0-1"]
[WhiteElo "1722"]
[BlackElo "1622"]
[Opening "Sicilian: Alapin's variation (2.c3)"]
[ECO "B22"]
[Time "13:02:29"]
[TimeControl "2700+45"]

1. e4 c5 2. c3 Nf6 3. e5 Nd5 4. d4 cxd4 5. Nf3 Nc6 6. cxd4 d6 7. Bd2 Bg4 8. Bc4
e6 9. Bxd5 exd5 10. O-O Be7 {White disconnected and forfeits} 0-1

[Event "Team 45 45 League T37"]
[Site "Internet Chess Club"]
[Date "2008.04.28"]
[Round "1"]
[White "beerss"]
[Black "Caminator"]
[Result "0-1"]
[WhiteElo "1470"]
[BlackElo "1285"]
[Opening "Queen's pawn game, Darooha variation "]
[ECO "D02"]
[Time "20:27:41"]
[TimeControl "2700+45"]

1. d4 Nf6 2. Nf3 d5 3. Nc3 Bf5 4. Bf4 e6 5. a3 Bd6 6. Ne5 Nfd7 7. Nb5 Bxe5 8.
dxe5 Nc6 9. Nd4 Ndxe5 10. Nxf5 exf5 11. Qd2 Qd7 12. e3 a6 13. Be2 O-O-O 14. O-O
Qe7 15. b3 g5 16. Bxe5 Qxe5 17. h3 h5 18. Qd1 h4 19. Bf3 Qe6 20. c3 Ne5 21. Be2
Rhg8 22. f4 Nc6 23. Qd2 f6 24. Rab1 Rde8 25. Bf3 Qxe3+ 26. Qxe3 Rxe3 27. Bxd5
Rf8 28. Bxc6 bxc6 29. Rbc1 Rg8 30. fxg5 Rxg5 31. Rf2 Rxh3 32. a4 Rhg3 33. b4 h3
34. Rcc2 Kb7 35. Kh2 Rxg2+ 36. Rxg2 Rxg2+ 37. Rxg2 hxg2 38. Kxg2 a5 39. Kf3 Kb6
40. Kf4 c5 41. b5 c6 42. Kxf5 cxb5 43. Kxf6 b4 44. cxb4 cxb4 45. Ke5 b3 46. Kd4
b2 47. Kc3 b1=Q {White resigns} 0-1

[Event "Team 45 45 League T37"]
[Site "Internet Chess Club"]
[Date "2008.04.28"]
[Round "1"]
[White "az2112"]
[Black "aifan376"]
[Result "1-0"]
[WhiteElo "1714"]
[BlackElo "1612"]
[Opening "Réti opening"]
[ECO "A05"]
[Time "21:33:22"]
[TimeControl "2700+45"]

1. Nf3 Nf6 2. g3 Nc6 3. d4 d5 4. Bg2 Bf5 5. O-O e6 6. c4 Nb4 7. Na3 dxc4 8. Bd2
Nc6 9. Nxc4 Rb8 10. Bf4 Nd5 11. Nfe5 Nxe5 12. Bxe5 f6 13. e4 fxe5 14. exf5 exf5
15. Nxe5 Nf6 16. Qb3 Ke7 17. Rfe1 Ne4 18. Bxe4 fxe4 19. Rxe4 Kf6 20. Qf7+ Kg5
21. Qf4+ Kh5 22. Qg4+ {Black resigns} 1-0

[Event "Team 45 45 League T37"]
[Site "Internet Chess Club"]
[Date "2008.04.27"]
[Round "1"]
[White "Gamebler"]
[Black "Chess2Play"]
[Result "1-0"]
[WhiteElo "1576"]
[BlackElo "1656"]
[Opening "Sicilian defense"]
[ECO "B30"]
[Time "08:59:26"]
[TimeControl "2700+45"]

1. e4 c5 2. Nf3 Nc6 3. d3 g6 4. g3 Bg7 5. Bg2 d6 6. O-O Bg4 7. Nbd2 e6 8. h3
Bxf3 9. Nxf3 Nge7 10. c3 b6 11. d4 cxd4 12. cxd4 O-O 13. Be3 d5 14. e5 Nf5 15.
Bf4 f6 16. Rc1 Rc8 17. Re1 Nb4 18. g4 Rxc1 19. Bxc1 Ne7 20. exf6 Bxf6 21. Rxe6
Qd7 22. Qe2 Nbc6 23. Qe1 Re8 24. Rxf6 Nf5 25. Qc3 Nfe7 26. Bh6 Kh8 27. Ne5 Nxe5
28. dxe5 Ng8 29. e6 d4 30. exd7 {Black forfeits on time} 1-0

[Event "Team 45 45 League T37"]
[Site "Internet Chess Club"]
[Date "2008.04.28"]
[Round "1"]
[White "NaoXidnan"]
[Black "Trevorking"]
[Result "1-0"]
[WhiteElo "1644"]
[BlackElo "1502"]
[Opening "Nimzo-Indian: Leningrad variation"]
[ECO "E30"]
[Time "21:00:20"]
[TimeControl "2700+45"]

1. d4 Nf6 2. c4 e6 3. Nc3 Bb4 4. Bg5 O-O 5. Nf3 d5 6. e3 Nbd7 7. a3 Bxc3+ 8.
bxc3 dxc4 9. Bxc4 c6 10. O-O Qc7 11. Rb1 Nd5 12. Qd3 c5 13. Bb3 N7b6 14. Bc2 g6
15. Bh6 c4 16. Qd2 Rd8 17. e4 Nf6 18. e5 Nfd5 19. Nh4 Bd7 20. Qg5 Nxc3 21. Qf6
{Black resigns} 1-0

[Event "Team 45 45 League T37"]
[Site "Internet Chess Club"]
[Date "2008.04.26"]
[Round "1"]
[White "OldBoy"]
[Black "Toalla"]
[Result "1-0"]
[WhiteElo "1627"]
[BlackElo "1193"]
[Opening "Sicilian"]
[ECO "B55"]
[Time "12:01:53"]
[TimeControl "2700+45"]

1. e4 c5 2. Nf3 d6 3. d4 cxd4 4. Nxd4 Nf6 5. Bb5+ Bd7 6. Bxd7+ Nbxd7 7. Nc3 g6
8. O-O Bg7 9. Be3 O-O 10. Qe2 a6 11. Nf3 Ng4 12. Bd4 Bxd4 13. Nxd4 Nge5 14. Nd5
e6 15. Ne3 Qc7 16. Nf3 b5 17. c3 Rac8 18. Nxe5 dxe5 19. Rad1 Nf6 20. Ng4 Nxg4
21. Qxg4 Qe7 22. Qg3 f6 23. Rd3 Rcd8 24. Rfd1 Rxd3 25. Qxd3 Qc7 26. Qd6 Qc8 27.
Qd7 Qxd7 28. Rxd7 Rf7 29. Rd6 Re7 30. Rxa6 Kf7 31. Rb6 Rd7 32. Kf1 f5 33. Rxb5
fxe4 34. Ke2 Kf6 35. a4 Rd3 36. a5 Kf5 37. a6 Rd7 38. Rb7 {Black resigns} 1-0

[Event "Team 45 45 League T37"]
[Site "Internet Chess Club"]
[Date "2008.04.29"]
[Round "1"]
[White "CLEAN"]
[Black "ckak0202"]
[Result "0-1"]
[WhiteElo "1279"]
[BlackElo "1297"]
[Opening "Queen's bishop game"]
[ECO "D02"]
[Time "20:18:35"]
[TimeControl "2700+45"]

1. Nf3 Nf6 2. d4 d5 3. Bf4 Bf5 4. Nc3 Nc6 5. Nb5 e5 6. Nxe5 Bd6 7. h3 Nb4 8. Rc1
Nxa2 9. Ra1 Nb4 10. Na3 Nh5 11. Bh2 f6 12. g4 fxe5 13. gxf5 Nc6 14. Bg2 Nxd4 15.
Bxd5 c6 16. Be4 Nf6 17. Qd3 Qb6 18. Nc4 Qc7 19. c3 Nb3 20. Ra3 Nc5 21. Nxd6+ Kf8
22. Qd1 Ncxe4 23. Nc4 Rd8 24. Qb3 Qd7 25. O-O Nd2 26. Nxd2 Qxd2 27. Rxa7 Qg5+
28. Kh1 Qxf5 29. Qxb7 Nd7 30. Ra8 Kf7 31. Rfa1 Qe4+ 32. Kg1 Rxa8 33. Rxa8 Rxa8
34. Qxa8 Qg6+ 35. Bg3 Qb1+ 36. Kg2 Nf6 37. Qb7+ Kg6 38. b4 Qe4+ 39. Kf1 Qh1#
{White checkmated} 0-1

[Event "Team 45 45 League T37"]
[Site "Internet Chess Club"]
[Date "2008.04.24"]
[Round "1"]
[White "Renato77"]
[Black "supraholic"]
[Result "1-0"]
[WhiteElo "1090"]
[BlackElo "1341"]
[Opening "Sicilian defense"]
[ECO "B30"]
[Time "19:04:46"]
[TimeControl "2700+45"]

1. e4 c5 2. Nf3 Nc6 3. Nc3 e6 4. Bb5 Qc7 5. d4 Nxd4 6. Nxd4 cxd4 7. Qxd4 Qc5 8.
Qd3 a6 9. Be3 Qd6 10. Qxd6 Bxd6 11. Bd3 Bb4 12. O-O Bxc3 13. bxc3 Nf6 14. Bc5 b5
15. e5 Nd5 16. c4 Nc3 17. Bb4 bxc4 18. Bxc4 Nb5 19. Rfd1 d6 20. exd6 Bd7 21. a4
Na7 22. Bxa6 Nc6 23. Bb7 Ra7 24. Bxc6 Bxc6 25. a5 Kd7 26. c4 Rb8 27. Bc5 Ra6 28.
Bb6 Rbxb6 29. axb6 Rxa1 30. Rxa1 Kxd6 31. Rb1 Bb7 32. f4 f5 33. g3 Kc5 34. Kf2
h6 35. Ke3 Kxc4 36. Kd2 Kd4 37. Ke2 g5 38. fxg5 hxg5 39. h3 Ke4 40. Rb4+ Ke5 41.
Kd3 f4 42. gxf4+ gxf4 43. Ke2 f3+ 44. Kf2 Kd6 45. h4 Ke7 46. h5 Kf7 47. Rg4
{Black resigns} 1-0

[Event "Team 45 45 League T37"]
[Site "Internet Chess Club"]
[Date "2008.04.26"]
[Round "1"]
[White "CoasterBrake"]
[Black "Graybeard"]
[Result "0-1"]
[WhiteElo "1077"]
[BlackElo "1212"]
[Opening "English: four knights, Capablanca variation"]
[ECO "A28"]
[Time "14:58:58"]
[TimeControl "2700+45"]

1. c4 e5 2. Nc3 Nf6 3. Nf3 Nc6 4. d3 d5 5. cxd5 Nxd5 6. e4 Nxc3 7. bxc3 Bd7 8.
d4 Bg4 9. d5 Nb8 10. Be2 Bd6 11. Qb3 b6 12. Bb5+ Bd7 13. Bxd7+ Nxd7 14. O-O O-O
15. Be3 Nf6 16. Bg5 Qc8 17. Bxf6 gxf6 18. Nh4 Qg4 19. Nf5 Qxe4 20. Nxd6 cxd6 21.
c4 Rfc8 22. Rac1 Qf5 23. f3 Rc5 24. Qe3 b5 25. cxb5 Rxb5 26. Qd2 Rc8 27. Rxc8+
Qxc8 28. Rc1 Rc5 29. Rxc5 Qxc5+ 30. Kf1 Qd4 31. Ke2 Qxd2+ 32. Kxd2 Kf8 33. Kd3
f5 34. g3 Ke7 35. a4 Kf6 36. Kc4 e4 37. fxe4 fxe4 38. Kd4 Kf5 39. h3 a5 40. g4+
Kf4 41. g5 Kf3 42. h4 e3 {White resigns} 0-1

[Event "Team 45 45 League T37"]
[Site "Internet Chess Club"]
[Date "2008.04.26"]
[Round "1"]
[White "EyeAm"]
[Black "carolinaknight"]
[Result "1-0"]
[WhiteElo "1395"]
[BlackElo "1226"]
[Opening "French: exchange variation"]
[ECO "C01"]
[Time "14:03:57"]
[TimeControl "2700+45"]

1. e4 e6 2. d4 d5 3. exd5 exd5 4. c4 c6 5. Nf3 Nf6 6. Nc3 Bb4 7. Be2 O-O 8. O-O
Be6 9. Qb3 Qe7 10. a3 Bxc3 11. bxc3 Qc7 12. Rb1 b6 13. g3 dxc4 14. Bxc4 Bxc4 15.
Qxc4 Nbd7 16. Bf4 Qc8 17. Rfe1 Nd5 18. Bd6 Re8 19. Rxe8+ Qxe8 20. Re1 Qd8 21.
Qxc6 N5f6 22. Be7 Qb8 23. Bxf6 Nxf6 24. d5 h6 25. d6 Qd8 26. Re7 Rc8 27. Rc7
Rxc7 28. Qxc7 Qe8 29. Qxa7 Nd7 30. Qc7 {Black resigns} 1-0

[Event "Team 45 45 League T37"]
[Site "Internet Chess Club"]
[Date "2008.04.24"]
[Round "1"]
[White "furrbrain"]
[Black "Hastings"]
[Result "0-1"]
[WhiteElo "1207"]
[BlackElo "1318"]
[Opening "Scotch game"]
[ECO "C45"]
[Time "14:47:50"]
[TimeControl "2700+45"]

1. e4 e5 2. Nf3 Nc6 3. d4 exd4 4. Nxd4 Nxd4 5. Qxd4 Qe7 6. Bd2 Qc5 7. c3 b6 8.
Be3 Bb7 9. Qa4 Qc6 10. Bb5 Qe6 11. Nd2 Nf6 12. f3 Bc6 13. Bxc6 Qxc6 14. Qxc6
dxc6 15. O-O-O Nd7 16. Nb3 a5 17. Nd4 c5 18. Nb5 O-O-O 19. Na7+ Kb7 20. Nb5 c6
21. Nd6+ Bxd6 22. Rxd6 Ne5 23. Rhd1 Rxd6 24. Rxd6 Kc7 25. Rd1 Rd8 26. Bf4 Rxd1+
27. Kxd1 Kd6 28. b3 Ke6 29. g4 f6 30. Kd2 Nxf3+ 31. Ke3 Ne5 32. h3 b5 33. Bg3 g6
34. Bf2 f5 35. Kf4 Nd3+ 36. Kg5 Nxf2 37. exf5+ gxf5 38. gxf5+ Kf7 39. h4 Ne4+
40. Kf4 Nxc3 41. Ke5 Nxa2 {White resigns} 0-1

[Event "Team 45 45 League T37"]
[Site "Internet Chess Club"]
[Date "2008.04.27"]
[Round "1"]
[White "WzeroMN"]
[Black "MeansToAnEnd"]
[Result "0-1"]
[WhiteElo "1091"]
[BlackElo "1116"]
[Opening "Sicilian"]
[ECO "B54"]
[Time "12:02:26"]
[TimeControl "2700+45"]

1. e4 c5 2. Nf3 d6 3. d4 cxd4 4. Nxd4 Nc6 5. Bb5 Bd7 6. Nxc6 bxc6 7. Bc4 c5 8.
Nc3 Nf6 9. Bd2 Qb6 10. b3 Bc6 11. Qe2 g6 12. O-O Bg7 13. Rfe1 Nxe4 14. Bb5 Nxc3
15. Bxc6+ Qxc6 16. Bxc3 O-O 17. Bxg7 Kxg7 18. Qxe7 Rae8 19. Qxa7 Rxe1+ 20. Rxe1
Re8 21. Rxe8 Qxe8 22. Qa5 Qe2 23. Qc3+ f6 24. Qb2 Qd1# {White checkmated} 0-1

[Event "Team 45 45 League T37"]
[Site "Internet Chess Club"]
[Date "2008.04.27"]
[Round "1"]
[White "Ocho-Cinco"]
[Black "bmw2002"]
[Result "1-0"]
[WhiteElo "1727"]
[BlackElo "1626"]
[Opening "French: Tarrasch, closed variation"]
[ECO "C05"]
[Time "12:03:28"]
[TimeControl "2700+45"]

1. e4 e6 2. d4 d5 3. Nd2 Nf6 4. e5 Nfd7 5. Bd3 c5 6. c3 Nc6 7. Ne2 Qb6 8. Qa4
Be7 9. O-O O-O 10. Kh1 cxd4 11. cxd4 f6 12. f4 Qb4 13. Qc2 f5 14. a3 Qb6 15. Nf3
Rf7 16. Rg1 Kh8 17. g4 g6 18. gxf5 gxf5 19. Be3 Nf8 20. Rg3 Bd7 21. Rag1 Ng6 22.
Nc3 Rc8 23. Qg2 Rg7 24. h4 Bxh4 25. Nxh4 Nxh4 26. Qh3 Rxg3 27. Rxg3 Qd8 28. Rg5
Na5 29. Qxh4 Nc4 30. Bxc4 Rxc4 31. Rh5 Qxh4+ 32. Rxh4 Be8 33. Rh6 Bg6 34. Kg2
Kg7 35. Rh2 h5 36. Nb5 a6 37. Nd6 Rc7 38. Kh3 b6 39. Rg2 Kh6 40. Bf2 Rc1 41. Bh4
Rd1 42. Bf2 Rh1+ 43. Rh2 Rb1 44. Be3 Re1 45. Bd2 Rb1 46. Bc3 Rf1 47. Kg3 Rg1+
48. Rg2 h4+ 49. Kf2 Rc1 50. Nb7 h3 51. Rh2 Rc2+ 52. Kg3 Rg2+ 53. Rxg2 hxg2 54.
Kxg2 Kh5 55. Nd8 Kg4 56. Nxe6 Bf7 57. Nc7 Bg8 58. e6 Kxf4 59. e7 Bf7 60. e8=Q
Bxe8 61. Nxe8 Ke3 62. Nc7 f4 63. Kf1 f3 64. Nxa6 f2 65. Nc7 {Black resigns} 1-0

[Event "Team 45 45 League T37"]
[Site "Internet Chess Club"]
[Date "2008.04.28"]
[Round "1"]
[White "Luckydawg"]
[Black "clarinetref"]
[Result "1-0"]
[WhiteElo "1722"]
[BlackElo "1661"]
[Opening "English opening"]
[ECO "A10"]
[Time "23:09:27"]
[TimeControl "2700+45"]

1. c4 g6 2. g3 Bg7 3. Bg2 d6 4. Nc3 e5 5. d3 Nf6 6. Bg5 c6 7. e4 Qb6 8. Qc2 h6
9. Be3 Qc7 10. Nge2 Ng4 11. O-O Nxe3 12. fxe3 Qb6 13. Qd2 Be6 14. b3 h5 15. d4
exd4 16. exd4 Bh6 17. Nf4 Nd7 18. Qf2 Bg7 19. Nxe6 Bxd4 20. Nxd4 Rf8 21. Nde2
Qa5 22. Rad1 Qe5 23. Qf4 Qc5+ 24. Kh1 Ne5 25. Na4 Qb4 26. Qd2 Qxd2 27. Rxd2
O-O-O 28. Nb2 Kc7 29. Nd3 Ng4 30. Bh3 Nh6 31. Nc3 g5 32. Bf5 g4 33. Kg2 f6 34.
Nf4 Nxf5 35. exf5 Rh8 36. Ne6+ {Black resigns} 1-0

[Event "Team 45 45 League T37"]
[Site "Internet Chess Club"]
[Date "2008.04.27"]
[Round "1"]
[White "RD1974"]
[Black "MathWorker"]
[Result "0-1"]
[WhiteElo "1643"]
[BlackElo "1552"]
[Opening "Bird's opening"]
[ECO "A03"]
[Time "18:03:48"]
[TimeControl "2700+45"]

1. f4 d5 2. Nf3 Nf6 3. g3 c5 4. Bg2 Nc6 5. O-O e6 6. d3 Be7 7. Qe1 Qb6 8. Kh1
Nd4 9. Qd2 Nxf3 10. Bxf3 d4 11. Na3 Bd7 12. Nc4 Qc7 13. e4 dxe3 14. Qxe3 Bc6 15.
Ne5 Bxf3+ 16. Qxf3 O-O 17. Bd2 Rad8 18. Rae1 Nd7 19. Ng4 Nf6 20. Ne5 Nd7 21. Bc3
Nxe5 22. Bxe5 Bd6 23. Qg4 Bxe5 24. Rxe5 Qc6+ 25. Kg1 Rd5 26. Rfe1 Rfd8 27. R1e4
f5 28. Rxe6 Qxe6 {White resigns} 0-1

[Event "Team 45 45 League T37"]
[Site "Internet Chess Club"]
[Date "2008.04.26"]
[Round "1"]
[White "Zyme"]
[Black "Aquaman"]
[Result "0-1"]
[WhiteElo "1422"]
[BlackElo "1401"]
[Opening "QGD Slav: 4.Nc3"]
[ECO "D15"]
[Time "10:07:24"]
[TimeControl "2700+45"]

1. d4 d5 2. c4 c6 3. Nf3 Nf6 4. Nc3 Bf5 5. e3 a6 6. Be2 dxc4 7. Bxc4 b5 8. Be2
e6 9. O-O Bd6 10. Nh4 Bg6 11. Nxg6 hxg6 12. h3 Nbd7 13. e4 Bb8 14. Bg5 Qc7 15.
e5 Nxe5 16. f4 Nc4 17. Bxc4 bxc4 18. Bxf6 gxf6 19. Rc1 g5 20. Ne2 f5 21. Rc3
gxf4 22. Nxf4 Rh4 23. Rcf3 Ba7 24. Ne2 Rd8 25. Rf4 Rh5 26. Kh1 c5 27. Qa4+ Rd7
28. Qxc4 Qc6 29. dxc5 Rxh3+ 30. Kg1 Bxc5+ 31. R1f2 Bxf2+ 32. Kxf2 Qb6+ 33. Nd4
{White resigns} 0-1